 Dungeon Crawl Stone Soup version 0.21.0 (webtiles) character file.

47 Clarigatio the Caller (level 3, -3/26 HPs)
             Began as a Merfolk Summoner on Apr 4, 2018.
             Was an Initiate of Qazlal.
             Slain by Sigmund
             ... wielding a +0 scythe
              (16 damage)
             ... on level 2 of the Dungeon.
             The game lasted 00:16:40 (1387 turns).

Clarigatio the Caller (Merfolk Summoner)            Turns: 1387, Time: 00:16:40

Health: -3/26      AC:  2    Str:  8    XL:     3   Next: 70%
Magic:  6/15       EV: 13    Int: 15    God:    Qazlal [......]
Gold:   63         SH:  0    Dex: 17    Spells: 0/6 levels left

rFire    . . .     SeeInvis .   i - +0 club
rCold    . . .     Gourm    .   (no shield)
rNeg     . . .     Faith    .   a - +0 robe
rPois    .         Spirit   .   (no helmet)
rElec    .         Reflect  .   (no cloak)
rCorr    .         Harm     .   (no gloves)
MR       .....                  (no boots)
Stlth    +.........             (no amulet)
HPRegen  0.08/turn              k - +3 ring of dexterity
MPRegen  0.14/turn              h - ring of magical power

@: confused, very slightly contaminated
A: change form in water, swift swim, stealthy swim
a: Renounce Religion


You were on level 2 of the Dungeon.
You worshipped Qazlal.
Qazlal was noncommittal.
You were not hungry.

You visited 1 branch of the dungeon, and saw 2 of its levels.

You collected 63 gold pieces.

Inventory:

Hand Weapons
 i - a +0 club (weapon)
Missiles
 d - 31 stones
 f - 5 tomahawks (quivered)
 o - 14 poisoned needles
 q - 8 sling bullets
Armour
 a - a +0 robe (worn)
Jewellery
 h - a ring of magical power (right hand)
 k - a +3 ring of dexterity (left hand)
Scrolls
 e - a scroll of fear {unknown}
 l - a scroll of remove curse {unknown}
 m - 3 scrolls of blinking {unknown}
 p - a scroll of enchant armour {unknown}
Potions
 g - a potion of mutation {unknown}
 j - 2 potions of curing {unknown}
 r - 2 potions of heal wounds {unknown}
Books
 b - a book of Callings

   Spells                             Type                      Level
   a - Summon Small Mammal            Summoning                    1
   b - Call Imp                       Summoning                    2
   c - Call Canine Familiar           Summoning                    3
   d - Summon Guardian Golem          Hexes/Summoning              3
   e - Summon Lightning Spire         Summoning/Air                4
   f - Summon Ice Beast               Ice/Summoning                4
Comestibles
 c - 4 rations
 n - 5 chunks of flesh


   Skills:
 + Level 1.0 Fighting
 + Level 0.2 Maces & Flails
 + Level 3.0 Dodging
 + Level 2.4 Stealth
 + Level 0.3 Unarmed Combat
 + Level 2.4 Spellcasting
 + Level 4.5 Summonings


You couldn't memorise any spells.
You knew the following spells:

 Your Spells              Type           Power        Failure   Level  Hunger
a - Summon Small Mammal   Summ           ###.         3%          1    #......
b - Call Imp              Summ           ###.....     4%          2    ###....
c - Call Canine Familiar  Summ           ###.....     10%         3    ###....


Dungeon Overview and Level Annotations

Branches:
Dungeon (2/15)

Altars:
Cheibriados
Kikubaaqudgha
Okawaru
Qazlal

Annotations:
D:2 Sigmund


Message History

Casting: Call Imp
Confirm with . or Enter, or press ? or * to list all spells.
You miscast Call Imp.
You are very lightly contaminated with residual magic.
Distant voices call out to you!
Casting: Call Imp
Confirm with . or Enter, or press ? or * to list all spells.
A beastly little devil appears in a puff of frigid air.
Your hound closely misses something.
You swap places.
Something hits your hound.
Deactivating autopickup; reactivate with Ctrl-A.
You barely miss something.
You hear some strange, mumbled words.
You are confused.
Are you sure you want to stumble around while confused and next to your hound?
You miss your hound.
The hound is heavily wounded.
The hound bites you. x2; Something hits you!
Ouch! That really hurt!
You die...

..# #.# # #.# #.#†#
#.#.# #.@# ## #.##
##### #.## ##{#
##...#######.###@##
..............#h#####
._..._..#......5....#
...........#.######.#
...8.........#
............##
._..._......#
..............
##..........##


You could see a hound and a friendly white imp.

Vanquished Creatures
  A leopard gecko (D:1)
  2 giant cockroaches
  2 goblins (D:2)
  A bat (D:1)
  2 frilled lizards
  2 rats (D:1)
10 creatures vanquished.

Vanquished Creatures (collateral kills)
  An adder (D:2)
  4 oozes (D:1)
  A dart slug (D:2)
  A giant cockroach (D:1)
  5 hobgoblins
  2 quokkas (D:2)
  4 ball pythons
  3 bats
  2 frilled lizards (D:1)
  3 goblins
  3 kobolds
  A rat (D:2)
30 creatures vanquished.

Grand Total: 40 creatures vanquished

Notes
Turn   | Place    | Note
-------+----------+-------------------------------------------
     0 | D:1      | Clarigatio the Merfolk Summoner began the quest for the Orb.
     0 | D:1      | Reached XP level 1. HP: 13/13 MP: 3/3
   519 | D:1      | Reached XP level 2. HP: 8/20 MP: 1/5
   523 | D:1      | Learned a level 2 spell: Call Imp
   891 | D:1      | Reached XP level 3. HP: 16/25 MP: 3/6
  1275 | D:2      | Reached skill level 1 in Fighting
  1285 | D:2      | Found a stormy altar of Qazlal.
  1285 | D:2      | Found an iron altar of Okawaru.
  1285 | D:2      | Found a snail-covered altar of Cheibriados.
  1286 | D:2      | Found an ancient bone altar of Kikubaaqudgha.
  1321 | D:2      | Became a worshipper of Qazlal Stormbringer
  1352 | D:2      | Noticed Sigmund
  1357 | D:2      | Learned a level 3 spell: Call Canine Familiar
  1387 | D:2      | Slain by Sigmund

Skill      XL: |  1  2  3 |
---------------+----------+-----
Fighting       | 1 |  1.0
Dodging        | 3 |  3.0
Maces & Flails | |  0.2
Stealth        | |  2.4
Unarmed Combat | |  0.3
Spellcasting   | |  2.4
Summonings     | |  4.5

Action                   || total
-------------------------++-------
Melee: Unarmed           ||    11
       Club              ||    52
Throw: Tomahawk          ||     1
 Cast: Summon Small Mamm ||    10
       Call Imp          ||    22
       Call Canine Famil ||     1
  Use: Scroll            ||     2
 Stab: Sleeping          ||     7
  Eat: Chunk             ||     3
Armor: Robe              ||    17
Dodge: Dodged            ||    61
